[ AOE2 MATCH · #507112767 ]
UnrankedBohemians vs Cumans
Player's team · WIN
Rival team · LOSS
[ REPLAY ANALYSIS · EXTRACTED FROM THE RECORDED GAME ]
Feudal
—
Castle
—
Imperial
—
| APM avg | 113.6 |
| APM peak | 156 |
| eAPM avg | 53.5 |
| Villagers / military | 18 / 3 |
Focus
⚔️ 65.8% · 🌾 34.2%
Militia ×3
Feudal
—
Castle
—
Imperial
—
| APM avg | 65.6 |
| APM peak | 89 |
| eAPM avg | 21.0 |
| Villagers / military | 15 / 0 |
Focus
⚔️ 29.9% · 🌾 70.1%
Match map
Initial resources + every placement click. Lines = walls · curves = elevation contours. ◆ gold · ⬟ stone · ● berries · ✦ relic · ◌ wall gap
Your base
if i lose it all's base
Smoothed initial terrain · ◌ = detected wall gap · hover for details
Inputs per minute
— DS_StonePleaseAoE - - if i lose it all
Build order — DS_StonePleaseAoE
27 actions detected in the replay
| 0:00 | Create | Villager (Male) |
| 0:00 | Create | Villager (Male) |
| 0:01 | Create | Villager (Male) |
| 0:02 | Build | House |
| 0:04 | Build | House |
| 0:27 | Create | Villager (Male) |
| 1:30 | Create | Villager (Male) |
| 1:31 | Create | Villager (Male) |
| 1:51 | Create | Villager (Male) |
| 2:15 | Create | Villager (Male) |
| 2:49 | Build | Barracks |
| 2:54 | Create | Villager (Male) |
| 3:13 | Create | Villager (Male) |
| 3:38 | Create | Villager (Male) |
| 3:41 | Build | House |
| 3:42 | Create | Militia |
| 3:59 | Create | Militia |
| 4:12 | Create | Villager (Male) |
| 4:12 | Create | Villager (Male) |
| 4:14 | Build | House |
| 4:29 | Create | Villager (Male) |
| 4:41 | Create | Militia |
| 4:53 | Create | Villager (Male) |
| 5:18 | Create | Villager (Male) |
| 5:49 | Create | Villager (Male) |
| 6:10 | Create | Villager (Male) |
| 6:40 | Research | Loom |
Build order — if i lose it all
21 actions detected in the replay
| 0:00 | Create | Villager (Male) |
| 0:01 | Build | House |
| 0:02 | Build | House |
| 0:08 | Create | Villager (Male) |
| 0:09 | Create | Villager (Male) |
| 0:09 | Create | Villager (Male) |
| 1:24 | Create | Villager (Male) |
| 1:52 | Create | Villager (Male) |
| 1:53 | Build | Lumber Camp |
| 2:21 | Create | Villager (Male) |
| 2:51 | Create | Villager (Male) |
| 3:18 | Create | Villager (Male) |
| 3:47 | Create | Villager (Male) |
| 3:49 | Build | House |
| 4:08 | Create | Villager (Male) |
| 4:21 | Build | Mill |
| 4:32 | Create | Villager (Male) |
| 4:54 | Create | Villager (Male) |
| 5:16 | Research | Loom |
| 5:19 | Create | Villager (Male) |
| 6:29 | Create | Villager (Male) |
Match timeline
| 2:49 | DS_StonePleaseAoE · first_building Barracks |
| 6:40 | if i lose it all · resign |
[ AI ANALYSIS · 1 CREDIT ]
What really happened in this match?
Wolo.gg analyzes every decision: build order, eco, micro, common mistakes by bracket. Personalized analysis on WhatsApp or Discord in 30 seconds.
Civ guide
Bohemians
Perfil
Jugador #339835